3AA
SAN BERNARDINO GRASSHOPPERS @ VIRGINIA BEACH DEUCES
08/01/2024
 
TOP OF THE 1ST
San Bernardino Grasshoppers batting - Pitching for Virginia Beach Deuces : RHP Chuck Steele
Pitching: RHP Chuck Steele
Batting: RHB Steve Jones 0-0: Ball
1-0: Ball
2-0: Foul Ball, location: 2F
2-1: Ball
3-1: Base on Balls
Batting: RHB José Paz 0-0: Hit by Pitch
Steve Jones to second
Batting: RHB Pedro Álvarez 0-0: Swinging Strike
0-1: Ball
1-1: Foul Ball, location: 2F
1-2: Foul Ball, location: 2F
1-2: Grounds into double play, 1-6-3 (Groundball, 15)
Steve Jones to third
Batting: RHB Brandon Cole 0-0: Called Strike
0-1: Ball
1-1: Ball
2-1: Called Strike
2-2: DOUBLE (Groundball, 5L)
Steve Jones scores
Batting: LHB Natale Langushi 0-0: Called Strike
0-1: Swinging Strike
0-2: Ball
1-2: Ball
2-2: Foul Ball, location: 2F
2-2: Ball
3-2: Strikes out looking
Top of the 1st over - 1 run(s), 1 hit(s), 0 error(s), 1 left on base; San Bernardino 1 - Virginia Beach 0
BOTTOM OF THE 1ST
Virginia Beach Deuces batting - Pitching for San Bernardino Grasshoppers : RHP Raúl Molina
Pitching: RHP Raúl Molina
Batting: RHB Robert Emmet Odlum 0-0: Ball
1-0: Foul Ball, location: 2F
1-1: Ball
2-1: Fly out, F3 (Popup, 3DF)
Batting: RHB Peter Baker 0-0: Ground out 1-3 (Groundball, 13)
Batting: RHB Lorenzo Ramírez 0-0: SINGLE (Groundball, 56D)
Batting: RHB Luis Jelarde 0-0: Called Strike
0-1: Called Strike
0-2: Ball
1-2: Ball
2-2: Strikes out swinging
Bottom of the 1st over - 0 run(s), 1 hit(s), 0 error(s), 1 left on base; San Bernardino 1 - Virginia Beach 0
TOP OF THE 2ND
San Bernardino Grasshoppers batting - Pitching for Virginia Beach Deuces : RHP Chuck Steele
Batting: RHB Roberto Ramírez 0-0: Ground out 5-3 (Groundball, 5L)
Batting: RHB Matt Roloff 0-0: Foul Ball, location: 2F
0-1: Called Strike
0-2: SINGLE (Line Drive, 56D)
Batting: RHB Kelly Harris 0-0: Called Strike
Matt Roloff is caught stealing 2nd base
0-1: Ball
1-1: Ball
2-1: Swinging Strike
2-2: Strikes out swinging
Top of the 2nd over - 0 run(s), 1 hit(s), 0 error(s), 0 left on base; San Bernardino 1 - Virginia Beach 0
BOTTOM OF THE 2ND
Virginia Beach Deuces batting - Pitching for San Bernardino Grasshoppers : RHP Raúl Molina
Batting: RHB José Ramírez 0-0: SINGLE (Line Drive, 34)
Batting: LHB Errol Levick 0-0: Called Strike
0-1: Fielders Choice at 2nd, 3-6 (Groundball, 3)
Batting: RHB António Acosta 0-0: Called Strike
0-1: Foul Ball, location: 2F
0-2: Ball
1-2: Fly out, F8 (Flyball, 8RM)
Batting: RHB Wilson Pérez 0-0: Ball
1-0: Ball
2-0: Ground out 5-3 (Groundball, 5S)
Bottom of the 2nd over - 0 run(s), 1 hit(s), 0 error(s), 1 left on base; San Bernardino 1 - Virginia Beach 0
TOP OF THE 3RD
San Bernardino Grasshoppers batting - Pitching for Virginia Beach Deuces : RHP Chuck Steele
Batting: RHB Dale O'Sullivan 0-0: Ball
1-0: Ball
2-0: Swinging Strike
2-1: Swinging Strike
2-2: Strikes out looking
Batting: RHB Steve Jones 0-0: Ball
1-0: Ball
2-0: Ball
3-0: Called Strike
3-1: Foul Ball, location: 2F
3-2: Reached on error, E5 (Groundball, 56)
Batting: RHB José Paz 0-0: SINGLE (Groundball, 6M)
Steve Jones to third
Runner from 3rd tries for Home, SAFE, no throw or cutoff
Batting: RHB Pedro Álvarez 0-0: Ball
1-0: Called Strike
1-1: Called Strike
1-2: Ball
2-2: Strikes out swinging
José Paz steals 2nd base
Batter strikes out.
Batting: RHB Brandon Cole 0-0: Foul Ball, location: 2F
0-1: Swinging Strike
0-2: Fly out, F7 (Flyball, 7D)
Top of the 3rd over - 1 run(s), 1 hit(s), 1 error(s), 1 left on base; San Bernardino 2 - Virginia Beach 0
BOTTOM OF THE 3RD
Virginia Beach Deuces batting - Pitching for San Bernardino Grasshoppers : RHP Raúl Molina
Batting: RHB Zander Bailey 0-0: Ball
1-0: DOUBLE (Line Drive, 5L)
Batting: RHB Robert Emmet Odlum 0-0: DOUBLE (Line Drive, 5L)
Zander Bailey scores
Batting: RHB Peter Baker 0-0: Called Strike
0-1: Ball
1-1: Ball
2-1: Ground out 5-3 (Groundball, 5D)
Batting: RHB Lorenzo Ramírez 0-0: Fly out, F8 (Flyball, 8LM)
Batting: RHB Luis Jelarde 0-0: Ball
1-0: Ball
2-0: Fly out, F8 (Flyball, 8RXD)
Bottom of the 3rd over - 1 run(s), 2 hit(s), 0 error(s), 1 left on base; San Bernardino 2 - Virginia Beach 1
TOP OF THE 4TH
San Bernardino Grasshoppers batting - Pitching for Virginia Beach Deuces : RHP Chuck Steele
Batting: LHB Natale Langushi 0-0: Ball
1-0: Swinging Strike
1-1: SINGLE (Groundball, 4MD)
Batting: RHB Roberto Ramírez 0-0: Foul Ball, location: 2F
0-1: Called Strike
0-2: Ball
1-2: Foul Ball, location: 2F
1-2: Foul Ball, location: 2F
1-2: Ball
2-2: Foul Ball, location: 2F
2-2: Strikes out swinging
Batting: RHB Matt Roloff 0-0: Ball
1-0: Ball
2-0: Swinging Strike
2-1: Foul Ball, location: 2F
2-2: Strikes out swinging
Batting: RHB Kelly Harris 0-0: Ball
1-0: Ball
2-0: Ball
3-0: Base on Balls
Natale Langushi to second
Batting: RHB Dale O'Sullivan 0-0: Ball
1-0: Ball
2-0: Ball
3-0: Called Strike
3-1: Called Strike
3-2: Foul Ball, location: 2F
3-2: SINGLE (Line Drive, 89S)
Natale Langushi to third
Kelly Harris to second
Natale Langushi scores
Kelly Harris to third
Batting: RHB Steve Jones 0-0: Ball
1-0: Foul Ball, location: 2F
1-1: Ball
2-1: SINGLE (Groundball, 6M)
Kelly Harris scores
Dale O'Sullivan to second
Batting: RHB José Paz 0-0: Ball
1-0: Ball
2-0: Ball
3-0: Foul Ball, location: 2F
3-1: Ground out 4-3 (Groundball, 4)
Top of the 4th over - 2 run(s), 3 hit(s), 0 error(s), 2 left on base; San Bernardino 4 - Virginia Beach 1
BOTTOM OF THE 4TH
Virginia Beach Deuces batting - Pitching for San Bernardino Grasshoppers : RHP Raúl Molina
Batting: RHB José Ramírez 0-0: Ball
1-0: Ball
2-0: Ball
3-0: Called Strike
3-1: Base on Balls
Batting: LHB Errol Levick 0-0: Ball
1-0: SINGLE (Groundball, 34D)
José Ramírez to second
Runner from 2nd tries for 3rd, SAFE, no throw or cutoff
Batting: RHB António Acosta 0-0: Foul Ball, location: 2F
0-1: Called Strike
0-2: Ball
1-2: Strikes out swinging
Batting: RHB Wilson Pérez 0-0: Called Strike
0-1: Foul Ball, location: 2F
0-2: Fly out, F7 (Line Drive, 7M)
Runner from 3rd tags up, SCORES, throw made
Now at C: Bradley Rowe
Batting: RHB Zander Bailey 0-0: Ball
1-0: Ball
2-0: Called Strike
2-1: Fielders Choice at 2nd, U4 (Groundball, 4M)
Bottom of the 4th over - 1 run(s), 1 hit(s), 0 error(s), 1 left on base; San Bernardino 4 - Virginia Beach 2
TOP OF THE 5TH
San Bernardino Grasshoppers batting - Pitching for Virginia Beach Deuces : RHP Chuck Steele
Batting: SHB Bradley Rowe 0-0: Ball
1-0: Ball
2-0: Called Strike
2-1: Called Strike
2-2: Foul Ball, location: 2F
2-2: Ball
3-2: Foul Ball, location: 2F
3-2: Foul Ball, location: 2F
3-2: SINGLE (Line Drive, 34D)
Batting: RHB Brandon Cole 0-0: Called Strike
0-1: Ball
1-1: Foul Ball, location: 2F
1-2: Strikes out swinging
Batting: LHB Natale Langushi 0-0: Ball
1-0: Ball
2-0: Swinging Strike
2-1: Foul Ball, location: 2F
2-2: Foul Ball, location: 2F
2-2: Strikes out swinging
Pitching: RHP Mark Walker
Batting: RHB Roberto Ramírez 0-0: Swinging Strike
0-1: Swinging Strike
0-2: Foul Ball, location: 2F
0-2: Ball
1-2: Foul Ball, location: 2F
1-2: Foul Ball, location: 2F
1-2: Strikes out swinging
Top of the 5th over - 0 run(s), 1 hit(s), 0 error(s), 1 left on base; San Bernardino 4 - Virginia Beach 2
BOTTOM OF THE 5TH
Virginia Beach Deuces batting - Pitching for San Bernardino Grasshoppers : RHP Raúl Molina
Batting: RHB Robert Emmet Odlum 0-0: Fly out, F8 (Line Drive, 8LM)
Batting: RHB Peter Baker 0-0: Called Strike
0-1: Ball
1-1: Ball
2-1: Ball
3-1: Base on Balls
Batting: RHB Lorenzo Ramírez 0-0: Ball
1-0: Grounds into double play, 5-4-3 (Groundball, 5)
Bottom of the 5th over - 0 run(s), 0 hit(s), 0 error(s), 0 left on base; San Bernardino 4 - Virginia Beach 2
TOP OF THE 6TH
San Bernardino Grasshoppers batting - Pitching for Virginia Beach Deuces : RHP Mark Walker
Batting: RHB Matt Roloff 0-0: Ball
1-0: Foul Ball, location: 2F
1-1: SINGLE (Groundball, 56)
Batting: RHB Kelly Harris 0-0: Ball
Matt Roloff is caught stealing 2nd base
1-0: Fly out, F9 (Flyball, 9LM)
Batting: RHB Dale O'Sullivan 0-0: Called Strike
0-1: Ball
1-1: DOUBLE (Flyball, 89D)
Batting: RHB Steve Jones 0-0: Foul Ball, location: 2F
0-1: Ball
1-1: Swinging Strike
1-2: Ball
2-2: Ball
3-2: Reached on Error, E7 (Line Drive, 7M)
Dale O'Sullivan scores
Batting: RHB José Paz 0-0: Called Strike
0-1: Ball
1-1: Ball
2-1: Called Strike
2-2: Strikes out swinging
Top of the 6th over - 1 run(s), 2 hit(s), 1 error(s), 1 left on base; San Bernardino 5 - Virginia Beach 2
BOTTOM OF THE 6TH
Virginia Beach Deuces batting - Pitching for San Bernardino Grasshoppers : RHP Raúl Molina
Batting: RHB Luis Jelarde 0-0: Ball
1-0: Swinging Strike
1-1: Ball
2-1: DOUBLE (Line Drive, 78XD)
Batting: RHB José Ramírez 0-0: Ball
1-0: Swinging Strike
1-1: Ball
2-1: Called Strike
2-2: Foul Ball, location: 2F
2-2: SINGLE (Flyball, 8LS)
Luis Jelarde to third
Batting: LHB Errol Levick 0-0: 3-RUN HOME RUN (Flyball, 8RXD), Distance : 445 ft
Batting: RHB António Acosta 0-0: Ball
1-0: Ball
2-0: Fly out, F9 (Flyball, 9M)
Batting: RHB Wilson Pérez 0-0: Called Strike
0-1: Foul Ball, location: 2F
0-2: Ball
1-2: Fly out, F8 (Flyball, 8RS)
Batting: RHB Zander Bailey 0-0: SINGLE (Line Drive, 89M)
Batting: RHB Robert Emmet Odlum 0-0: Ball
1-0: Ball
2-0: Ball
3-0: Called Strike
3-1: Ground out 5-3 (Groundball, 56)
Bottom of the 6th over - 3 run(s), 4 hit(s), 0 error(s), 1 left on base; San Bernardino 5 - Virginia Beach 5
TOP OF THE 7TH
San Bernardino Grasshoppers batting - Pitching for Virginia Beach Deuces : RHP Mark Walker
Batting: SHB Bradley Rowe 0-0: Ball
1-0: Fly out, F7 (Flyball, 56D)
Batting: RHB Brandon Cole 0-0: Called Strike
0-1: Ball
1-1: Ball
2-1: Fly out, F5 (Popup, 25)
Batting: LHB Natale Langushi 0-0: Ball
1-0: DOUBLE (Groundball, 5L)
Batting: RHB Roberto Ramírez 0-0: Ball
1-0: Called Strike
1-1: Ground out 6-3 (Groundball, 6)
Top of the 7th over - 0 run(s), 1 hit(s), 0 error(s), 1 left on base; San Bernardino 5 - Virginia Beach 5
BOTTOM OF THE 7TH
Virginia Beach Deuces batting - Pitching for San Bernardino Grasshoppers : RHP Raúl Molina
Pinch Hitting: SHB Jim Unknown 0-0: Ball
1-0: SINGLE (Groundball, 34D)
Batting: RHB Lorenzo Ramírez 0-0: Called Strike
0-1: Grounds into double play, 5-4-3 (Groundball, 56)
Batting: RHB Luis Jelarde 0-0: Ground out 6-3 (Groundball, 6)
Bottom of the 7th over - 0 run(s), 1 hit(s), 0 error(s), 0 left on base; San Bernardino 5 - Virginia Beach 5
TOP OF THE 8TH
San Bernardino Grasshoppers batting - Pitching for Virginia Beach Deuces : RHP Mark Walker
Now at 3B: Jim Unknown
Pinch Hitting: SHB Noel King 0-0: Foul Ball, location: 2F
0-1: Foul Ball, location: 2F
0-2: Strikes out looking
Batting: RHB Kelly Harris 0-0: Ball
1-0: Ball
2-0: Ground out 5-3 (Groundball, 56)
Batting: RHB Dale O'Sullivan 0-0: Ball
1-0: Foul Ball, location: 2F
1-1: Ball
2-1: Foul Ball, location: 2F
2-2: Foul Ball, location: 2F
2-2: Ground out 1-3 (Groundball, 13)
Top of the 8th over - 0 run(s), 0 hit(s), 0 error(s), 0 left on base; San Bernardino 5 - Virginia Beach 5
BOTTOM OF THE 8TH
Virginia Beach Deuces batting - Pitching for San Bernardino Grasshoppers : RHP Raúl Molina
Now in LF: Manny Cervantes
Pinch Hitting: SHB Esteban Márquez 0-0: Ball
1-0: Foul Ball, location: 2F
1-1: Foul Ball, location: 2F
1-2: Ball
2-2: Ball
3-2: Ground out 4-3 (Groundball, 4)
Batting: LHB Errol Levick 0-0: Ball
1-0: Ball
2-0: Foul Ball, location: 2F
2-1: Ball
3-1: Base on Balls
Pitching: RHP Pablo Vargas
Batting: RHB António Acosta 0-0: Called Strike
0-1: Fly out, F8 (Flyball, 8RM)
Batting: RHB Wilson Pérez 0-0: Foul Ball, location: 2F
0-1: Called Strike
0-2: Ball
1-2: Strikes out looking
Bottom of the 8th over - 0 run(s), 0 hit(s), 0 error(s), 1 left on base; San Bernardino 5 - Virginia Beach 5
TOP OF THE 9TH
San Bernardino Grasshoppers batting - Pitching for Virginia Beach Deuces : RHP Mark Walker
Pitching: RHP Jim Unknown
Now in LF: Esteban Márquez
Batting: RHB Steve Jones 0-0: Ball
1-0: Foul Ball, location: 2F
1-1: Ball
2-1: Ground out 6-3 (Groundball, 6)
Batting: RHB José Paz 0-0: Ball
1-0: Foul Ball, location: 2F
1-1: Ground out 6-3 (Groundball, 56)
Batting: SHB Bradley Rowe 0-0: Called Strike
0-1: Swinging Strike
0-2: Ball
1-2: Foul Ball, location: 2F
1-2: Foul Ball, location: 2F
1-2: Strikes out looking
Top of the 9th over - 0 run(s), 0 hit(s), 0 error(s), 0 left on base; San Bernardino 5 - Virginia Beach 5
BOTTOM OF THE 9TH
Virginia Beach Deuces batting - Pitching for San Bernardino Grasshoppers : RHP Pablo Vargas
Pinch Hitting: RHB Armando García 0-0: Ball
1-0: Ball
2-0: Ball
3-0: Base on Balls
Batting: RHB Robert Emmet Odlum 0-0: Sac Bunt - play at first, batter OUT! 2-4
Armando García to second
Batting: SHB Jim Unknown 0-0: Called Strike
0-1: Ball
1-1: Ball
2-1: Foul Ball, location: 2F
2-2: Ball
3-2: Base on Balls
Batting: RHB Lorenzo Ramírez 0-0: Ball
1-0: Foul Ball, location: 2F
1-1: Ball
2-1: Fly out, F6 (Popup, 6MD)
Batting: RHB Luis Jelarde 0-0: Fielders Choice at 2nd, 6-4 (Groundball, 6)
Bottom of the 9th over - 0 run(s), 0 hit(s), 0 error(s), 1 left on base; San Bernardino 5 - Virginia Beach 5
TOP OF THE 10TH
San Bernardino Grasshoppers batting - Pitching for Virginia Beach Deuces : RHP Jim Unknown
Now at 2B: Armando García
Batting: RHB Brandon Cole 0-0: Foul Ball, location: 2F
0-1: Called Strike
0-2: Strikes out swinging
Batting: LHB Natale Langushi 0-0: Ball
1-0: Foul Ball, location: 2F
1-1: Ball
2-1: SINGLE (Groundball, 4MD)
Pinch Runner at 1st Alonso Rivera:
Batting: RHB Roberto Ramírez 0-0: Ball
1-0: Fielders Choice at 2nd, 6-4 (Groundball, 6M)
Pinch Hitting: RHB Jerrel Woestenberg 0-0: Called Strike
0-1: Ball
1-1: Fly out, F8 (Flyball, 8LD)
Top of the 10th over - 0 run(s), 1 hit(s), 0 error(s), 1 left on base; San Bernardino 5 - Virginia Beach 5
BOTTOM OF THE 10TH
Virginia Beach Deuces batting - Pitching for San Bernardino Grasshoppers : RHP Pablo Vargas
Now at 1B: Manuel Rivera
Now in LF: Jerrel Woestenberg
Batting: SHB Esteban Márquez 0-0: Ball
1-0: Called Strike
1-1: Swinging Strike
1-2: Strikes out swinging
Batting: LHB Errol Levick 0-0: Ball
1-0: Ball
2-0: Ball
3-0: Base on Balls
Batting: RHB António Acosta 0-0: Ball
1-0: Ball
2-0: Ball
3-0: Called Strike
3-1: Foul Ball, location: 2F
3-2: SINGLE (Line Drive, 6D)
Errol Levick to second
Pinch Runner at 2nd Rafael Hernández:
Batting: RHB Wilson Pérez 0-0: Called Strike
0-1: Called Strike
0-2: Ball
1-2: Ball
2-2: Ball
3-2: Base on Balls
Rafael Hernández to third
António Acosta to second
Batting: RHB Armando García 0-0: Foul Ball, location: 2F
0-1: Ball
1-1: Foul Ball, location: 2F
1-2: Grounds into fielders choice 4-2 (Groundball, 4M)
António Acosta to third
Wilson Pérez to second
Pinch Hitting: SHB Carlos Pérez 0-0: Ball
1-0: Swinging Strike
1-1: Called Strike
1-2: Fly out, F8 (Flyball, 8LM)
Bottom of the 10th over - 0 run(s), 1 hit(s), 0 error(s), 3 left on base; San Bernardino 5 - Virginia Beach 5
TOP OF THE 11TH
San Bernardino Grasshoppers batting - Pitching for Virginia Beach Deuces : RHP Jim Unknown
Pitching: RHP Manuel Vázquez
Now at C: Carlos Pérez
Now at SS: Rafael Hernández
Batting: RHB Kelly Harris 0-0: Foul Ball, location: 2F
0-1: Ball
1-1: Swinging Strike
1-2: Ball
2-2: Strikes out swinging
Batting: RHB Dale O'Sullivan 0-0: Ball
1-0: Ball
2-0: Called Strike
2-1: Swinging Strike
2-2: Hit by Pitch
Batting: RHB Steve Jones 0-0: Ball
1-0: Called Strike
1-1: Ball
2-1: Foul Ball, location: 2F
2-2: Strikes out swinging
Batting: RHB José Paz 0-0: Ball
1-0: SINGLE (Groundball, 6MD)
Dale O'Sullivan to second
Batting: SHB Bradley Rowe 0-0: Ball
1-0: Foul Ball, location: 2F
1-1: Ball
2-1: Ground out 4-3 (Groundball, 34)
Top of the 11th over - 0 run(s), 1 hit(s), 0 error(s), 2 left on base; San Bernardino 5 - Virginia Beach 5
BOTTOM OF THE 11TH
Virginia Beach Deuces batting - Pitching for San Bernardino Grasshoppers : RHP Pablo Vargas
Batting: SHB Jim Unknown 0-0: Called Strike
0-1: SINGLE (Line Drive, 6)
Pitching: LHP Dan McBride
Batting: RHB Lorenzo Ramírez 0-0: Ball
1-0: Ball
2-0: Fly out, F6 (Popup, 56)
Batting: RHB Luis Jelarde 0-0: Ball
1-0: Called Strike
1-1: Swinging Strike
1-2: Foul Ball, location: 2F
1-2: Ball
2-2: Strikes out looking
Batting: SHB Esteban Márquez 0-0: Ball
1-0: Foul Ball, location: 2F
1-1: SINGLE (Line Drive, 7S)
Jim Unknown to second
Batting: RHB Rafael Hernández 0-0: Ball
1-0: Ground out 1-3 (Groundball, 13)
Bottom of the 11th over - 0 run(s), 2 hit(s), 0 error(s), 2 left on base; San Bernardino 5 - Virginia Beach 5
TOP OF THE 12TH
San Bernardino Grasshoppers batting - Pitching for Virginia Beach Deuces : RHP Manuel Vázquez
Now in RF: Jim Unknown
Batting: RHB Brandon Cole 0-0: Called Strike
0-1: Called Strike
0-2: Ball
1-2: Ball
2-2: Ground out 5-3 (Groundball, 56)
Pinch Hitting: RHB Jay Kidd 0-0: Ball
1-0: Ground out 4-3 (Groundball, 4M)
Batting: RHB Roberto Ramírez 0-0: Called Strike
0-1: Foul Ball, location: 2F
0-2: Ball
1-2: SINGLE (Groundball, 56D)
Batting: RHB Jerrel Woestenberg 0-0: Called Strike
0-1: Swinging Strike
0-2: Strikes out looking
Top of the 12th over - 0 run(s), 1 hit(s), 0 error(s), 1 left on base; San Bernardino 5 - Virginia Beach 5
BOTTOM OF THE 12TH
Virginia Beach Deuces batting - Pitching for San Bernardino Grasshoppers : LHP Dan McBride
Now at 2B: Jay Kidd
Batting: RHB António Acosta 0-0: Fly out, F7 (Flyball, 78M)
Batting: RHB Wilson Pérez 0-0: Called Strike
0-1: Foul Ball, location: 2F
0-2: Ball
1-2: Fly out, F8 (Flyball, 8RM)
Batting: RHB Armando García 0-0: Called Strike
0-1: Foul Ball, location: 2F
0-2: Ground out 3-1 (Groundball, 34)
Bottom of the 12th over - 0 run(s), 0 hit(s), 0 error(s), 0 left on base; San Bernardino 5 - Virginia Beach 5
TOP OF THE 13TH
San Bernardino Grasshoppers batting - Pitching for Virginia Beach Deuces : RHP Manuel Vázquez
Pitching: LHP José Carrasco
Batting: RHB Kelly Harris 0-0: Foul Ball, location: 2F
0-1: Ball
1-1: Called Strike
1-2: Strikes out swinging
Batting: RHB Dale O'Sullivan 0-0: Foul Ball, location: 2F
0-1: Ball
1-1: Fly out, F9 (Flyball, 8RM)
Batting: RHB Steve Jones 0-0: Called Strike
0-1: Ball
1-1: Foul Ball, location: 2F
1-2: Ground out 5-3 (Groundball, 5S)
Top of the 13th over - 0 run(s), 0 hit(s), 0 error(s), 0 left on base; San Bernardino 5 - Virginia Beach 5
BOTTOM OF THE 13TH
Virginia Beach Deuces batting - Pitching for San Bernardino Grasshoppers : LHP Dan McBride
Batting: SHB Carlos Pérez 0-0: Fly out, F8 (Line Drive, 8RS)
Batting: SHB Jim Unknown 0-0: Ball
1-0: Ball
2-0: Swinging Strike
2-1: SINGLE (Groundball, 6MD)
Batting: RHB Lorenzo Ramírez 0-0: DOUBLE (Line Drive, 89M)
Jim Unknown to third
Runner from 3rd tries for Home, SAFE, no throw or cutoff
This league is powered by Out of the Park Baseball, the baseball management simulation game for PC, Mac and Linux
Monday, October 3rd, 2016 - OOTP Baseball 16.9 Build 39